 Dungeon Crawl Stone Soup version 0.31.0-32-g396128a36d (webtiles) character file.

Game seed: 11116234068128926850

399 gohu the Magician (level 7, -3/45 HPs)
             Began as a Djinni Fire Elementalist on Mar 11, 2024.
             Slain by Duvessa
             ... wielding a +0 short sword
              (11 damage)
             ... on level 4 of the Dungeon.
             The game lasted 00:06:36 (3315 turns).

gohu the Magician (Djinni Fire Elementalist)        Turns: 3315, Time: 00:06:37

Health: -3/45      AC:  4    Str:  7    XL:     7   Next: 10%
Gold:   236        EV: 12    Int: 18    God:
                   SH:  0    Dex: 14

rFire   + + .        (no weapon)
rCold   x . .        (no shield)
rNeg    . . .        a - +0 robe
rPois   ∞            p - +2 hat
rElec   .            (no cloak)
rCorr   .            (no gloves)
SInv    .            (boots unavailable)
Will    .....        (no amulet)
Stlth   ++           (no ring)
HPRegen 0.27/turn    (no ring)
MPRegen 0.00/turn

%: infuse magic (-4 HP)
@: flying, very slightly contaminated
A: sickness immunity, fire resistance 2, cold vulnerability 1, float, innate
caster, HP casting, extra vitality 1
a: no special abilities


You were on level 4 of the Dungeon.
You visited 1 branch of the dungeon, and saw 4 of its levels.

You collected 236 gold pieces.

Inventory:

Armour
 a - a +0 robe (worn)
 e - a +0 helmet
 p - a +2 hat (worn)
Scrolls
 b - 4 scrolls of identify {unknown}
 g - a scroll of revelation {unknown}
 h - a scroll of fog {unknown}
 k - 2 scrolls of noise {unknown}
 l - a scroll of butterflies {unknown}
 n - a scroll of teleportation {unknown}
 q - a scroll of fear {unknown}
Potions
 c - 4 potions of heal wounds {unknown}
 d - 2 potions of attraction {unknown}
 f - a potion of ambrosia {unknown}
 i - a potion of lignification {unknown}
 j - 2 potions of brilliance {unknown}
 m - a potion of mutation {unknown}
 o - a potion of haste {unknown}


   Skills:
 - Level 2.1 Dodging
 - Level 1.5 Stealth
 * Level 6.1 Spellcasting
 * Level 6.1 Conjurations
 * Level 6.1 Hexes
   Level 0.0 Charms
 * Level 6.1 Summonings
 * Level 6.1 Necromancy
 * Level 6.1 Translocations
   Level 0.0 Transmutations
 * Level 6.1 Fire Magic
 * Level 6.1 Ice Magic
 * Level 6.1 Air Magic
 * Level 6.1 Earth Magic
 * Level 6.1 Alchemy


You knew the following spells:

 Your Spells              Type           Power      Damage    Failure   Level
a - Foxfire               Conj/Fire      100%       2x1d9     1%          1
b - Scorch                Fire           54%        2d7       1%          2
c - Flame Wave            Conj/Fire      27%        2d9       10%         4
d - Call Imp              Summ           54%        N/A       1%          2
e - Volatile Blastmotes   Fire/Tloc      54%        2d14      2%          3
f - Kiss of Death         Conj/Necr      100%       2d13      1%          1
g - Inner Flame           Hex/Fire       27%        N/A       2%          3
h - Mercury Vapours       Alch/Air       54%        N/A       1%          2
Your spell library was empty.

Dungeon Overview and Level Annotations

Branches:
Dungeon (4/15)
 Temple: D:4-7

Altars:
Qazlal

Shops:
D:1 (   D:3 [

Annotations:
D:4 Duvessa


Innate Abilities, Weirdness & Mutations

You are immune to sickness and miasma.
You are immune to poison.
Your flesh is very heat resistant. (rF++)
You are vulnerable to cold. (rC-)
You float through the air rather than walking.
You learn spells naturally, not from books.
Your magical power is your life essence.
You have superior vitality. (+4 MHP)


Message History

Fumes of mercury billow around Duvessa!
Duvessa is poisoned.
Duvessa looks weaker.
Your cerulean imp barely misses Duvessa.
You swap places.
Duvessa hits your cerulean imp with a +0 short sword!
Your cerulean imp barely misses Duvessa.
Duvessa barely misses your cerulean imp.
You see here a maw talisman.
Casting: Mercury Vapours (safe; 1% risk of failure)
Confirm with . or Enter, or press ? or * to list all spells.
Flames lash Duvessa.
Duvessa is moderately wounded.
Duvessa's fire resistance burns away.
Duvessa hits your cerulean imp with a +0 short sword!
Your cerulean imp dies!
Your cerulean imp disappears in a puff of smoke!
Duvessa closely misses you.
Casting: Scorch (safe; 1% risk of failure)
Confirm with . or Enter, or press ? or * to list all spells.
A tiny devil pulls itself out of the air.
Duvessa hits you with a +0 short sword.
Duvessa hits you with a +0 short sword! x2
Your cerulean imp hits Duvessa but does no damage.
Casting: Call Imp (safe; 1% risk of failure)
Confirm with . or Enter, or press ? or * to list all spells.
You miscast Scorch.
You are very lightly contaminated with residual magic.
Nothing appears to happen.
Duvessa hits you with a +0 short sword!
* * * LOW HITPOINT WARNING * * *
Your cerulean imp barely misses Duvessa.
Casting: Scorch (safe; 1% risk of failure)
Confirm with . or Enter, or press ? or * to list all spells.
Okay, then.
Casting: Flame Wave (quite dangerous; 10% risk of failure)
Confirm with . or Enter, or press ? or * to list all spells.
You conjure some foxfire!
* * * LOW HITPOINT WARNING * * *
Duvessa is no longer more vulnerable to fire.
Duvessa hits you with a +0 short sword!
You die...

..........~#..##.##
##...## .........#
#..##.# ##...##
.......## #..##.#
..###...## ####.###
#..##.# ..........#
# ## #####.#
........... #.#
.....)..... #.#
..........v #v##
........... ##@.#
........... #ev.#
#..........
#..5...# #.........
#....####...#
##....... ......
##..# ########
#.... #... .....
##. .... .... .


You could see Duvessa (berserk, very poisoned, weak, ally target) and a friendly
cerulean imp (summoned).

Vanquished Creatures
  A sky beast (D:4)
  A kobold brigand (D:4)
  Dowan (D:4)
  2 orc wizards (D:3)
  4 adders
  A gnoll (D:2)
  3 dart slugs
  2 ribbon worms (D:2)
  6 ball pythons
  7 endoplasms
  A giant cockroach (D:1)
  5 goblins
  11 hobgoblins
  5 jackals
  3 quokkas
  6 bats
  6 frilled lizards
  11 kobolds
  4 rats
80 creatures vanquished.

Vanquished Creatures (collateral kills)
  An orc (D:3)
  A kobold (D:4)
  A ball python (D:3)
3 creatures vanquished.

Vanquished Creatures (others)
  184 foxfires
184 creatures vanquished.

Grand Total: 267 creatures vanquished

Notes
Turn   | Place    | Note
-------+----------+-------------------------------------------
     0 | D:1      | gohu the Djinni Fire Elementalist began the quest for the
                  | Orb.
     0 | D:1      | gohu set off with the following spells memorised: Foxfire,
                  | Scorch, Volatile Blastmotes, Inner Flame, Flame Wave.
     0 | D:1      | Reached XP level 1. HP: 15/15 MP: 0/0
   106 | D:1      | Reached XP level 2. HP: 17/21 MP: 0/0
   398 | D:1      | Reached XP level 3. HP: 24/25 MP: 0/0
   398 | D:1      | Learned a level 1 spell: Kiss of Death
   664 | D:1      | Found Fyref's Weapon Emporium.
  1260 | D:2      | Found a faded altar of an unknown god.
  1281 | D:2      | Reached XP level 4. HP: 30/31 MP: 0/0
  1675 | D:3      | Reached XP level 5. HP: 23/35 MP: 0/0
  1675 | D:3      | Learned a level 2 spell: Call Imp
  1932 | D:3      | Found Ammakk's Armour Shoppe.
  2358 | D:3      | Reached skill level 5 in Spellcasting
  2358 | D:3      | Reached skill level 5 in Conjurations
  2358 | D:3      | Reached skill level 5 in Hexes
  2358 | D:3      | Reached skill level 5 in Summonings
  2358 | D:3      | Reached skill level 5 in Necromancy
  2358 | D:3      | Reached skill level 5 in Translocations
  2358 | D:3      | Reached skill level 5 in Fire Magic
  2358 | D:3      | Reached skill level 5 in Ice Magic
  2358 | D:3      | Reached skill level 5 in Air Magic
  2358 | D:3      | Reached skill level 5 in Earth Magic
  2358 | D:3      | Reached skill level 5 in Alchemy
  2673 | D:4      | Noticed Dowan
  2682 | D:4      | Killed Dowan
  2682 | D:4      | Noticed Duvessa
  2683 | D:4      | Reached XP level 6. HP: 19/40 MP: 0/0
  2822 | D:4      | Found a stormy altar of Qazlal.
  2822 | D:4      | Noticed a sky beast
  2834 | D:4      | Killed a sky beast
  3039 | D:4      | Reached XP level 7. HP: 36/45 MP: 0/0
  3039 | D:4      | Learned a level 2 spell: Mercury Vapours
  3315 | D:4      | Slain by Duvessa

Illustrated notes

Levels and vault maps discovered:
D:1:      onia_arrival_mini_spirals, layout_basic, serial_shops,
          nicolae_shop_bloodbath_and_beyond
D:2:      layout_rooms, hellmonk_ecumenical_altar_run_dry, cheibrodos_gnoll_hut
D:3:      kennysheep_big_flooded_room, layout_loops_ring, serial_shops, shop
D:4:      cheibrodos_thug_alley, layout_cave_pods,
          nicolae_qazlal_beasts_of_the_sky, kiku_gazebo_garden_becter,
          uniq_duvessa

Skill      XL: |  1  2  3  4  5  6 |
---------------+-------------------+-----
Spellcasting   | 4 5 6 |  6.1
Conjurations   | 4 5 6 |  6.1
Hexes          | 4 5 6 |  6.1
Summonings     | 4 5 6 |  6.1
Necromancy     | 4 5 6 |  6.1
Translocations | 4 5 6 |  6.1
Fire Magic     | 4 5 6 |  6.1
Ice Magic      | 4 5 6 |  6.1
Air Magic      | 4 5 6 |  6.1
Earth Magic    | 4 5 6 |  6.1
Alchemy        | 4 5 6 |  6.1
Dodging        | |  2.1
Stealth        | |  1.5

Action                     |  1- 3 |  4- 6 |  7- 9 || total
---------------------------+-------+-------+-------++-------
   Cast: Foxfire           |    67 |    52 |     6 ||   125
         Scorch            |     4 |    29 |     2 ||    35
         Kiss of Death     |     1 |       |       ||     1
         Call Imp          |       |     7 |     2 ||     9
         Volatile Blastmot |       |     2 |       ||     2
         Mercury Vapours   |       |       |     1 ||     1
 Armour: Robe              |     6 |    14 |     5 ||    25
  Dodge: Dodged            |    15 |    12 |     1 ||    28
